drago, lawful male human Samurai ---- .--..- ------@..... ----- |..........- |.... |..---....-| ----..-- |.--|......| |....-- |.| ----...---- |....| |^| ---....| ---*--- |.| |....---------...| |.| |..........|-..--- --- |.| --.|...---.|....----.-- |.| ----.-- |.....%......| |.|--- --- ---..........| |.--.------ ---..--<.--- |.........| ----|..| |.........| ---- ----.--.--- ------ drago the Ninja Experience level: 6 Strength: 14 Dexterity: 17 Constitution: 18 Intelligence: 12 Wisdom: 10 Charisma: 6 Health: 56(60) Energy: 28(28) Def: 10 Gold: 321 Moves: 3100 Dungeon seed: 7CKztlYnPOjBrMJ4 Game ID: drago_1558888873 Your Inventory: Coins $ - 321 gold pieces Amulets g - an uncursed amulet versus poison (being worn) Weapons a - a +0 katana (weapon in hand) c - a +0 yumi d - 31 +0 ya (in quiver) f - 16 +0 arrows h - a +0 orcish dagger C - a +1 dwarvish short sword H - 7 +0 daggers Armor e - an uncursed rustproof +0 splint mail (being worn) n - an uncursed +1 orcish helm (being worn) F - an uncursed +0 pair of iron shoes (being worn) Scrolls A - an uncursed scroll of teleportation G - an uncursed scroll of light Potions m - an uncursed potion of invisibility x - an uncursed potion of extra healing Wands i - a wand of undead turning (0:3) w - a wand of fire (0:6) Tools j - an uncursed osaku p - 4 cursed tallow candles (0:200) q - 10 uncursed tallow candles (0:200) u - a +0 pick-axe I - a blessed tallow candle (0:200) Gems r - an uncursed fluorite stone y - 2 uncursed worthless pieces of orange glass z - an uncursed aquamarine stone N - an uncursed obsidian stone Y - 2 uncursed worthless pieces of blue glass Spells and supernatural/magical abilities: Name Level Category Fail Memory W - pray for help -- divine ? -- Your skills at the end: Fighting Skills martial arts [Basic] Weapon Skills short sword [Basic] long sword [Basic] bow [Basic] Spellcasting Skills Final Attributes: You were piously aligned. You were poison resistant. You were telepathic. You were fast. You survived. Vanquished creatures: a leprechaun a dingo a fog cloud 5 gnome lords a golden naga hatchling 2 gray oozes a floating eye 3 dwarves a homunculus 2 iguanas 2 killer bees 2 acid blobs 3 hobbits a large kobold a hobgoblin 2 cave spiders a yellow mold a green mold 21 gnomes 3 garter snakes a gecko 7 jackals a fox 3 kobolds 3 goblins 3 sewer rats a grid bug 2 bats 3 lichens 2 kobold zombies 4 newts 85 creatures vanquished. Voluntary challenges: You were an atheist. You used a wielded weapon 58 times, starting on turn 130. You read items or engraved 23 times, starting on turn 497. You never genocided any monsters. You never polymorphed an object. You never changed form. You used no wishes. You never split a pudding. You wrote Elbereth's name 9 times, starting on turn 497. You violated your moral code, losing 40 points of alignment, starting on turn 2203. Dungeon overview: The Dungeons of Doom: levels 1 to 3 Level 1 a long staircase Level 2 a fountain Level 3 stairs to The Gnomish Mines The Gnomish Mines: levels 4 to 6 Level 4 stairs to The Dungeons of Doom Level 5 Level 6 <- You were here History has recorded: On T:1 you entered the Dungeons of Doom to retrieve the Amulet of Yendor! On T:331 you advanced to experience level 2. On T:435 you reached level 2 of The Dungeons of Doom. On T:888 you reached level 3 of The Dungeons of Doom. On T:903 you advanced to experience level 3. On T:1117 you reached level 1 of The Gnomish Mines. On T:1297 you advanced to experience level 4. On T:1565 you reached level 2 of The Gnomish Mines. On T:1653 you advanced to experience level 5. On T:2524 you advanced to experience level 6. On T:2856 you reached level 3 of The Gnomish Mines. Score breakdown: Gold: 321 ( 8530 points) Experience: 6 levels (12456 points) Exploration: 6 levels ( 12.50%) ( 9784 points) Discoveries: 3 items ( 1.22%) ( 3312 points) Valuables value: (no points given unless you survive) Artifact value: 0 ( 0 points) Variety of kills: 31 monsters ( 8.14%) ( 8557 points) Turncount: 3100 turns ( -648 points) Survival: quit (score multiplied by 90%) Total score: 37791 Latest messages: A tame dog called Hachi, trapped in a pit on a pit in the floor of a room. You stop. Hachi is in the way! You can't jump very far. You try to reach out your arms, but Hachi backs away skeptically. You stop. Hachi is in the way! Hachi yelps! You displace Hachi. You escape a pit. The kobold misses. You kill the kobold! Please move the cursor to an unknown object. A pit in the floor of a room. You see here a candle. You have a little trouble lifting I - a candle. You hear rumbling in the distance. One of your legs feels somewhat better. Your leg feels somewhat better. You are carrying too much to get through. (2x) To quit the game, use the 'save' command (typically on 'S'). Final status: Sayonara drago the Samurai, quit... You quit in The Gnomish Mines on dungeon level 6 with 37791 points, and 321 pieces of gold, after 3100 moves. You were level 6 with a maximum of 60 hit points when you quit.